[Event "Swedish Chess Championship 2019: Kadett-SM"]
[Site "Stiga Sports Arena, Arenatorget 1, Eskilstuna, Sweden, Sweden"]
[Date "2019.07.10"]
[Round "4.6"]
[White "Ostensson, Julia"]
[Black "Lindholm, Gustav"]
[Result "0-1"]
[TimeControl "90 minutes for 40 moves + 30 minutes for the rest of the game + 30 seconds per move from move one"]
[WhiteFideId "1747703"]
[BlackFideId "1736515"]
[WhiteElo "1475"]
[BlackElo "1950"]

1. e4 c5 2. Nf3 e6 3. d4 cxd4 4. Nxd4 a6 5. a4 Nf6 6. Nc3 Qc7 7. Bd3 Be7 8. O-O b6 9. Bd2 Bb7 10. Kh1 d6 11. Qe2 Nbd7 12. Nb3 O-O 13. f4 e5 14. Rac1 Rfe8 15. f5 Bf8 16. Bc4 Rec8 17. Bd5 Nxd5 18. Nxd5 Qc4 19. Qd3 Bxd5 20. Qxd5 Nf6 21. Qxc4 Rxc4 22. Be3 Rxa4 23. Bxb6 Rxe4 24. Ba5 Rc8 25.
Nd2 Re2 26. Bc3 Nd5 27. Ba5 Rc5 28. Nb3 Rcxc2 29. Rxc2 Rxc2 30. Rb1 Ne3 31. Bd2 Nxf5 32. Bc3 g6 33. Ra1 Nd4 34. Nxd4 exd4 35.
Bxd4 Bg7 36. Bxg7 Kxg7 37. h3 Rxb2 38. Rxa6 d5 39. Rd6 Rd2 40. Kh2 Kf8 41. Rd8+ Ke7 42. Rh8 h5 43. Kg3 Ke6 44.
Re8+ Kf5 45. Kf3 f6 46. g3 d4 47. Re1 Rh2 48. g4+ hxg4+ 49. hxg4+ Kg5 50. Rd1 Rh3+ 51. Kg2 Rh4 0-1

[Event "Swedish Chess Championship 2019: Kadett-SM"]
[Site "Stiga Sports Arena, Arenatorget 1, Eskilstuna, Sweden, Sweden"]
[Date "2019.07.11"]
[Round "5.1"]
[White "Muntean, Victor"]
[Black "Dingertz, Erik"]
[Result "1-0"]
[TimeControl "90 minutes for 40 moves + 30 minutes for the rest of the game + 30 seconds per move from move one"]
[WhiteFideId "1054414"]
[BlackFideId "1741578"]
[WhiteElo "1971"]
[BlackElo "1959"]

1. e4 e5 2. Nf3 Nc6 3. Bc4 Bc5 4. c3 Nf6 5. d3 O-O 6. O-O d5 7. exd5 Nxd5 8. b4 Be7 9. b5 Na5 10.
Nxe5 Bf6 11. Qf3 Nxc4 12. dxc4 Bxe5 13. cxd5 Qd6 14. h3 Rd8 15. Re1 Bd7 16. a4 a6 17. bxa6 Rxa6 18. Nd2 Qf6 19.
Qxf6 gxf6 20. Ne4 Bf5 21. f4 Bxe4 22. fxe5 Bxd5 23. exf6 Re6 24. Bf4 Rde8 25. Rxe6 Rxe6 26. Bxc7 Rxf6 27.
Rd1 Rc6 28. Be5 f6 29. Bxf6 Bxg2 30. Kxg2 Rxf6 31. Rd8+ Kf7 32. Rd7+ Kg6 33. Rxb7 Rc6 34. Rb3 Kf5 35. Kf3 Ke5 36.
a5 Kd5 37. Rb5+ Kc4 38. Rb6 Rc5 39. a6 Kxc3 40. a7 Ra5 41. Rb7 h5 42. Rd7 Kc4 43. Ke4 Kc3 44. h4 Ra6 45. Kf5 Kc4 46.
Kg5 Ra5+ 47. Kg6 Kc5 48. Rd8 Rxa7 49. Kxh5 Ra1 50. Kh6 Rh1 51. h5 Kc6 52. Kg6 Rg1 53. Kh7 Rh1 54. h6 Kc7 55.
Rd4 Rg1 56. Kh8 Rg2 57. h7 Rg1 58. Ra4 Kd8 59. Ra8+ Ke7 60. Rg8 Rh1 61. Kg7 Rg1 62. Kh6 Rh1+ 63. Kg6 Rg1+ 64. Kf5 1-0

[Event "Swedish Chess Championship 2019: Kadett-SM"]
[Site "Stiga Sports Arena, Arenatorget 1, Eskilstuna, Sweden, Sweden"]
[Date "2019.07.11"]
[Round "5.2"]
[White "Joensson, Oscar"]
[Black "Nguyen, Gabriel"]
[Result "0-1"]
[TimeControl "90 minutes for 40 moves + 30 minutes for the rest of the game + 30 seconds per move from move one"]
[WhiteFideId "1729977"]
[BlackFideId "1720791"]
[WhiteElo "1752"]
[BlackElo "2035"]

1. d4 Nf6 2. Nf3 g6 3. e3 Bg7 4. b3 O-O 5. Bb2 d6 6. Be2 c5 7. O-O b6 8. c4 Bb7 9. Nbd2 e6 10.
a3 Nc6 11. Qc2 Qc7 12. Bc3 e5 13. dxe5 dxe5 14. Qb2 Rae8 15. b4 Nd7 16. Rfd1 Nd8 17. Nb3 Ne6 18. Rd2 f6 19. Rad1 Rd8 20.
Ne1 Rfe8 21. f3 Bh6 22. Kf2 Nd4 23. bxc5 Nxb3 24. Qxb3 Nxc5 25. Qc2 Ne6 26. Qb3 Bxe3+ 27. Kf1 Bxd2 28.
Rxd2 Rxd2 29. Bxd2 Nd4 30. Qe3 Ba6 31. f4 Nxe2 32. Kxe2 Qxc4+ 33. Kf2 Rd8 34. fxe5 fxe5 35. Qg5 Rf8+ 36.
Kg3 Qe6 37. Bb4 Qf5 0-1

[Event "Swedish Chess Championship 2019: Kadett-SM"]
[Site "Stiga Sports Arena, Arenatorget 1, Eskilstuna, Sweden, Sweden"]
[Date "2019.07.11"]
[Round "5.3"]
[White "Lindholm, Gustav"]
[Black "Zarytovskaya, Margo"]
[Result "0-1"]
[TimeControl "90 minutes for 40 moves + 30 minutes for the rest of the game + 30 seconds per move from move one"]
[WhiteFideId "1736515"]
[BlackFideId "14149249"]
[WhiteElo "1950"]
[BlackElo "1895"]

1. d4 Nf6 2. c4 c5 3. d5 b5 4. cxb5 a6 5. b6 d6 6. Nc3 Nbd7 7. e4 g6 8. Nf3 Bg7 9. Bd2 Qxb6 10.
Qc2 Rb8 11. Rb1 O-O 12. Bc4 Ng4 13. O-O Nge5 14. Nxe5 Nxe5 15. b3 Bd7 16. f4 Ng4 17. Kh1 Bd4 18. h3 Nf2+ 19. Kh2 f5 20.
Rbe1 fxe4 21. Nxe4 Bf5 22. Bd3 c4 23. Qxc4 Rfc8 24. Qxa6 Qxa6 25. Bxa6 Nxe4 26. Bxc8 Nxd2 27. Bxf5 gxf5 28.
Rh1 Kf7 29. Re2 Ne4 30. Rhe1 Bf2 31. Rf1 Bg3+ 32. Kg1 Rb5 33. Rf3 Rxd5 34. a4 Rd1+ 35. Rf1 Bh2+ 36. Kxh2 Rxf1 37. a5 Ra1 38.
b4 Rb1 39. a6 Rxb4 40. Ra2 Rb8 41. Ra5 Nc5 0-1

[Event "Swedish Chess Championship 2019: Kadett-SM"]
[Site "Stiga Sports Arena, Arenatorget 1, Eskilstuna, Sweden, Sweden"]
[Date "2019.07.11"]
[Round "5.4"]
[White "Ivarsson, Sebastian"]
[Black "Bensryd, Hampus"]
[Result "1/2-1/2"]
[TimeControl "90 minutes for 40 moves + 30 minutes for the rest of the game + 30 seconds per move from move one"]
[WhiteFideId "1738593"]
[BlackFideId "1738330"]
[WhiteElo "2079"]
[BlackElo "1938"]

1. d4 Nf6 2. c4 b6 3. Nf3 e6 4. g3 Bb7 5. Bg2 Be7 6. O-O O-O 7. Nc3 d5 8. cxd5 exd5 9. Re1 Nbd7 10. Bf4 c5 11. Rc1 Ne4 12. dxc5 Bxc5 13.
Nd4 Ndf6 14. a3 Nxc3 15. Rxc3 Ne4 16. Rc2 Qf6 17. Be3 Rac8 18. Bh3 Rc7 19. b4 Bd6 20. Rxc7 Bxc7 21. Qc2 Bb8 22.
Rc1 Ng5 23. Bxg5 Qxg5 24. Nc6 Bxc6 25. Qxc6 Qh5 26. Bf1 Qe5 27. Qb7 g6 28. Bg2 Qxe2 29. Bxd5 Qe5 30. Kf1 Kg7 31. Re1 Qc7 32.
Qxc7 Bxc7 33. Re7 Bb8 34. Ke2 Kf6 35. Rb7 Ke5 36. Bxf7 Kd4 37. Rd7+ Kc3 38. Rd3+ Kc2 39. Bb3+ Kb2 40.
Bd5 Rc8 41. a4 Rc2 42. Ke3 Rc3 43. a5 Bc7 44. a6 b5 45. Bg8 h6 46. Bf7 Bb6+ 47. Ke2 Rxd3 48. Kxd3 Bxf2 49. Be8 Kb3 50.
Bxb5 Kxb4 51. Bc6 Bg1 52. h3 Bf2 53. g4 g5 54. Ke4 Kc5 55. Bb7 Bh4 56. Kf5 Kb6 57. Kg6 Kc7 58. Kxh6 Kb6 1/2-1/2

[Event "Swedish Chess Championship 2019: Kadett-SM"]
[Site "Stiga Sports Arena, Arenatorget 1, Eskilstuna, Sweden, Sweden"]
[Date "2019.07.11"]
[Round "5.5"]
[White "Mitra, Akash"]
[Black "Hall, Alexander"]
[Result "1-0"]
[TimeControl "90 minutes for 40 moves + 30 minutes for the rest of the game + 30 seconds per move from move one"]
[WhiteFideId "1726714"]
[BlackFideId "1738933"]
[WhiteElo "1957"]
[BlackElo "1805"]

1. e4 c5 2. Nf3 Nc6 3. d4 cxd4 4. Nxd4 g6 5. c4 Nf6 6. Nc3 d6 7. Be2 Nxd4 8.
Qxd4 Bg7 9. Qd1 O-O 10. Be3 Qa5 11. Qd2 Be6 12. Rc1 Rfc8 13. b3 a6 14. f3 b5 15. Nd5 Qxd2+ 16. Kxd2 Bxd5 17. exd5 b4 18. h4 a5 19. Kd3 Nd7 20.
f4 a4 21. Bd1 axb3 22. Bxb3 Nc5+ 23. Bxc5 Rxc5 24. Rce1 Ra7 25. h5 Bc3 26. Re3 Kg7 27. a4 Rcc7 28. Rh4 Kf6 29. hxg6 hxg6 30. g4 e6 31. g5+ Ke7 32.
dxe6 fxe6 33. Rh7+ Kf8 34. Rxc7 Rxc7 35. Rxe6 Rf7 36. Rxd6 Rxf4 37. c5 Rf5 38. Rd5 Rxd5+ 39. Bxd5 Ke7 40.
a5 Be5 41. a6 Bb8 42. Kc4 b3 43. Kxb3 Ba7 44. Kc4 Kd7 45. Kb5 Kc7 46. Bf7 1-0

[Event "Swedish Chess Championship 2019: Kadett-SM"]
[Site "Stiga Sports Arena, Arenatorget 1, Eskilstuna, Sweden, Sweden"]
[Date "2019.07.11"]
[Round "5.6"]
[White "Johansson-Ohman, Daniel"]
[Black "Ostling, Albin"]
[Result "1/2-1/2"]
[TimeControl "90 minutes for 40 moves + 30 minutes for the rest of the game + 30 seconds per move from move one"]
[WhiteFideId "1736361"]
[BlackFideId "1746430"]
[WhiteElo "1825"]
[BlackElo "1660"]

1. c4 Nf6 2. Nc3 g6 3. g3 Bg7 4. Bg2 O-O 5. Nf3 c5 6. O-O d6 7. Rb1 Nc6 8. a3 a5 9. d3 Bd7 10.
Bd2 Qc8 11. Qc2 Bh3 12. Na2 Bxg2 13. Kxg2 a4 14. b3 Nd4 15. Nxd4 cxd4 16. bxa4 Qc6+ 17. Kg1 Rxa4 18. Rb3 Rfa8 19.
Qb2 e5 20. f3 Nd7 21. Nb4 Qc5 22. Ra1 b5 23. cxb5 Qxb5 24. Nc2 Qc6 25. Rb1 Rc8 1/2-1/2

[Event "Swedish Chess Championship 2019: Kadett-SM"]
[Site "Stiga Sports Arena, Arenatorget 1, Eskilstuna, Sweden, Sweden"]
[Date "2019.07.12"]
[Round "6.1"]
[White "Nguyen, Gabriel"]
[Black "Muntean, Victor"]
[Result "1-0"]
[TimeControl "90 minutes for 40 moves + 30 minutes for the rest of the game + 30 seconds per move from move one"]
[WhiteFideId "1720791"]
[BlackFideId "1054414"]
[WhiteElo "2035"]
[BlackElo "1971"]

1. d4 Nf6 2. c4 g6 3. Nc3 Bg7 4. e4 d6 5. Nf3 O-O 6. Be2 e5 7. O-O Nc6 8. d5 Ne7 9. b4 Nh5 10.
Re1 f5 11. Ng5 Nf4 12. Bxf4 exf4 13. Rc1 Bh6 14. Ne6 Bxe6 15. dxe6 f3 16. Bxf3 Bxc1 17. Qxc1 c6 18. Qg5 Qc7 19.
h4 Kg7 20. h5 h6 21. Qd2 f4 22. Ne2 g5 23. Nd4 c5 24. Nb5 Qb6 25. bxc5 dxc5 26. Qd7 Rfe8 27. Nc7 Rad8 28. Nxe8+ Kf8 29.
Nf6 Qa5 30. Nh7+ Kg8 31. Qxe7 1-0

[Event "Swedish Chess Championship 2019: Kadett-SM"]
[Site "Stiga Sports Arena, Arenatorget 1, Eskilstuna, Sweden, Sweden"]
[Date "2019.07.12"]
[Round "6.2"]
[White "Zarytovskaya, Margo"]
[Black "Joensson, Oscar"]
[Result "1-0"]
[TimeControl "90 minutes for 40 moves + 30 minutes for the rest of the game + 30 seconds per move from move one"]
[WhiteFideId "14149249"]
[BlackFideId "1729977"]
[WhiteElo "1895"]
[BlackElo "1752"]

1. e4 c6 2. d4 d5 3. Nc3 dxe4 4.
Nxe4 Bf5 5. Ng3 Bg6 6. Nh3 e6 7. Nf4 Ne7 8. h4 h6 9. Bc4 Qd6 10. Bb3 Nd7 11. Nxg6 Nxg6 12. h5 Ne7 13.
Ne4 Qc7 14. Qf3 Nf5 15. Bf4 Qa5+ 16. Bd2 Bb4 17. c3 Be7 18. O-O-O Nf6 19. Rhe1 Nh4 20. Nxf6+ Bxf6 21. Qe4 Qxh5 22.
d5 O-O 23. dxe6 fxe6 24. Qxe6+ Kh8 25. g3 Nf3 26. Rh1 Qe5 27. Qg4 Nxd2 28. Rxd2 Rad8 29. Re2 Qg5+ 30. Qxg5 Bxg5+ 31. f4 Bf6 32.
g4 Rd6 33. Rhe1 Bh4 34. Re8 Rdf6 35. Rxf8+ Rxf8 36. Rh1 Bg3 37. f5 Re8 38. Be6 Bf4+ 39. Kc2 Rd8 40. Bf7 Rd2+ 41. Kb3 Re2 42.
Rd1 h5 43. Bxh5 Kh7 44. Rd7 Bc1 45. f6 b5 46. Rxg7+ Kh8 47. Kb4 Re4+ 48. Kc5 Bxb2 49. g5 Bxc3 50. Kxc6 Rf4 51. Rf7 Kg8 52.
Kd7 Rf5 53. Rg7+ Kh8 54. Rg6 Bd2 55. Ke6 1-0

[Event "Swedish Chess Championship 2019: Kadett-SM"]
[Site "Stiga Sports Arena, Arenatorget 1, Eskilstuna, Sweden, Sweden"]
[Date "2019.07.12"]
[Round "6.3"]
[White "Dingertz, Erik"]
[Black "Mitra, Akash"]
[Result "1/2-1/2"]
[TimeControl "90 minutes for 40 moves + 30 minutes for the rest of the game + 30 seconds per move from move one"]
[WhiteFideId "1741578"]
[BlackFideId "1726714"]
[WhiteElo "1959"]
[BlackElo "1957"]

1. c4 Nf6 2. g3 g6 3. Bg2 Bg7 4. Nc3 O-O 5. d3 d6 6. Rb1 Nh5 7. Bd2 f5 8. b4 Nc6 9. b5 Ne5 10.
Qb3 Kh8 11. Nf3 Nd7 12. Qb4 e5 13. Nd5 h6 14. a4 g5 15. Bc3 Nhf6 16. Nd2 Nxd5 17. cxd5 Nf6 18. h4 g4 19. d4 e4 20.
Qc4 b6 21. e3 Bb7 22. Ba1 Bxd5 23. Qb4 Qd7 24. O-O Rfc8 25. Rfc1 a6 26. Bf1 axb5 27. Bxb5 Qf7 28. Rc2 Bf8 29.
Rbc1 c5 30. dxc5 dxc5 31. Qb2 Bg7 32. Nc4 Bxc4 33. Bxc4 Qc7 34. Be6 1/2-1/2

[Event "Swedish Chess Championship 2019: Kadett-SM"]
[Site "Stiga Sports Arena, Arenatorget 1, Eskilstuna, Sweden, Sweden"]
[Date "2019.07.12"]
[Round "6.4"]
[White "Ivarsson, Sebastian"]
[Black "Skahlberg Bjerknes-Lima de Faria, Warg"]
[Result "1-0"]
[TimeControl "90 minutes for 40 moves + 30 minutes for the rest of the game + 30 seconds per move from move one"]
[WhiteFideId "1738593"]
[BlackFideId "1738100"]
[WhiteElo "2079"]
[BlackElo "1708"]

1. d4 Nf6 2. c4 e6 3. Nc3 Bb4 4. e3 O-O 5. Bd3 d5 6. Nf3 c5 7. O-O Nc6 8. a3 Bxc3 9. bxc3 b6 10.
cxd5 exd5 11. a4 Bg4 12. h3 Bh5 13. Ba3 Qd6 14. Be2 Rfe8 15. c4 Rac8 16. dxc5 bxc5 17. cxd5 Nxd5 18. Rc1 Rcd8 19.
Rxc5 Bg6 20. Qc1 Nce7 21. Rd1 Qf6 22. Nd4 Nb6 23. Bb5 Rf8 24. Rc7 Nbd5 25. Bxe7 Nxe7 26. Rxa7 Nf5 27. Nxf5 Bxf5 28.
Bd7 Be4 29. f3 Bg6 30. Rc7 Qg5 31. Qc5 Qg3 32. Rc8 Rxc8 33. Bxc8 f5 34. Be6+ Bf7 35. Bxf7+ Kxf7 36. Qxf5+ Kg8 37.
Qe6+ Kh8 38. Qd6 Qxd6 39. Rxd6 Kg8 40. a5 Ra8 41. a6 Ra7 42. Rb6 1-0

[Event "Swedish Chess Championship 2019: Kadett-SM"]
[Site "Stiga Sports Arena, Arenatorget 1, Eskilstuna, Sweden, Sweden"]
[Date "2019.07.12"]
[Round "6.5"]
[White "Ostling, Albin"]
[Black "Lindholm, Gustav"]
[Result "0-1"]
[TimeControl "90 minutes for 40 moves + 30 minutes for the rest of the game + 30 seconds per move from move one"]
[WhiteFideId "1746430"]
[BlackFideId "1736515"]
[WhiteElo "1660"]
[BlackElo "1950"]

1. e4 d5 2. exd5 Qxd5 3. Nc3 Qd6 4. Bc4 Nf6 5. Nge2 a6 6. a4 b6 7. d3 Bb7 8.
Bf4 e5 9. Bg3 Bxg2 10. Rg1 Bf3 11. d4 Nc6 12. Qd3 Bxe2 13. Qxe2 Nxd4 14. Bxe5 Nxe2 15. Bxd6 Bxd6 16. Kxe2 O-O 17.
h3 Rfe8+ 18. Kf3 Be5 19. Rge1 Bxc3 20. bxc3 a5 21. Rad1 Rxe1 22. Rxe1 Re8 23. Rxe8+ Nxe8 24. Bd3 Kf8 25.
Ke4 Nf6+ 26. Kd4 Ke7 27. Kc4 c6 28. Kd4 Kd6 29. c4 Nd7 30. c3 Nc5 31. Bc2 g5 32. f3 h5 33. Ke3 Ke5 34.
f4+ gxf4+ 35. Kf3 f5 36. Ke2 Ne4 37. Kd3 Nf2+ 38. Ke2 Nxh3 39. Kf3 Ng5+ 40. Kf2 Ne4+ 0-1

[Event "Swedish Chess Championship 2019: Kadett-SM"]
[Site "Stiga Sports Arena, Arenatorget 1, Eskilstuna, Sweden, Sweden"]
[Date "2019.07.12"]
[Round "6.6"]
[White "Bensryd, Hampus"]
[Black "Nilsson, Oliver"]
[Result "1-0"]
[TimeControl "90 minutes for 40 moves + 30 minutes for the rest of the game + 30 seconds per move from move one"]
[WhiteFideId "1738330"]
[BlackFideId "1730177"]
[WhiteElo "1938"]
[BlackElo "1574"]

1. e4 d6 2. d4 Nf6 3. Nc3 g6 4. f4 Bg7 5. Nf3 O-O 6. Be2 c6 7. O-O Nbd7 8. Qe1 Ng4 9. h3 Nh6 10. Be3 f5 11. Bc4+ Kh8 12. e5 d5 13. Bd3 Nb6 14. Ne2 Nc4 15. Bxc4 dxc4 16. Ng5 e6 17.
Qh4 b5 18. c3 Qd5 19. Kh2 Bb7 20. Rf2 a5 21. g4 a4 22. a3 Rae8 23. Ng1 Kg8 24. N1f3 Bc8 25. Rg1 Bd7 26. Rfg2 fxg4 27. hxg4 Bc8 28. Rg3 Bd7 29. Nxh7 Kxh7 30. g5 Rf5 31. gxh6 Rh5 32.
Qxh5 gxh5 33. Rxg7+ Kh8 34. Ng5 Rf8 35. Rh7+ 1-0

[Event "Swedish Chess Championship 2019: Kadett-SM"]
[Site "Stiga Sports Arena, Arenatorget 1, Eskilstuna, Sweden, Sweden"]
[Date "2019.07.12"]
[Round "7.1"]
[White "Zarytovskaya, Margo"]
[Black "Nguyen, Gabriel"]
[Result "1/2-1/2"]
[TimeControl "90 minutes for 40 moves + 30 minutes for the rest of the game + 30 seconds per move from move one"]
[WhiteFideId "14149249"]
[BlackFideId "1720791"]
[WhiteElo "1895"]
[BlackElo "2035"]

1. e4 c5 2. Nf3 e6 3. d4 cxd4 4. Nxd4 a6 5. Bd3 Bc5 6. Nb3 Be7 7. Qg4 g6 8. Qe2 d6 9. Nc3 Nd7 10.
O-O Qc7 11. f4 Ngf6 12. f5 Ne5 13. Bg5 O-O 14. Rad1 b5 15. a3 Bb7 16. Kh1 Rad8 17. Qe1 h5 18. Qh4 Kg7 19. Nd4 Bc8 20.
Nce2 Qb6 21. c3 Neg4 22. h3 Rh8 23. fxg6 e5 24. Nf5+ 1/2-1/2

[Event "Swedish Chess Championship 2019: Kadett-SM"]
[Site "Stiga Sports Arena, Arenatorget 1, Eskilstuna, Sweden, Sweden"]
[Date "2019.07.12"]
[Round "7.2"]
[White "Mitra, Akash"]
[Black "Ivarsson, Sebastian"]
[Result "1-0"]
[TimeControl "90 minutes for 40 moves + 30 minutes for the rest of the game + 30 seconds per move from move one"]
[WhiteFideId "1726714"]
[BlackFideId "1738593"]
[WhiteElo "1957"]
[BlackElo "2079"]

1. e4 e5 2. Nf3 Nc6 3. Bb5 a6 4. Ba4 Nf6 5. d3 b5 6. Bb3 Be7 7. c3 d6 8. Nbd2 O-O 9. Nf1 Na5 10.
Bc2 Re8 11. h3 Bf8 12. g4 g6 13. Ng3 Bg7 14. g5 Nd7 15. Nh2 Nf8 16. h4 Ne6 17. Qf3 f6 18. b4 Nc6 19. Bb3 Kh8 20.
h5 Nxg5 21. Bxg5 fxg5 22. hxg6 h6 23. Ng4 Bxg4 24. Qxg4 Rf8 25. Nf5 Qf6 26. Qh5 1-0

[Event "Swedish Chess Championship 2019: Kadett-SM"]
[Site "Stiga Sports Arena, Arenatorget 1, Eskilstuna, Sweden, Sweden"]
[Date "2019.07.12"]
[Round "7.3"]
[White "Muntean, Victor"]
[Black "Lindholm, Gustav"]
[Result "1/2-1/2"]
[TimeControl "90 minutes for 40 moves + 30 minutes for the rest of the game + 30 seconds per move from move one"]
[WhiteFideId "1054414"]
[BlackFideId "1736515"]
[WhiteElo "1971"]
[BlackElo "1950"]

1. e4 d5 2. exd5 Qxd5 3. d4 Nf6 4. Nf3 c6 5. c4 Qd8 6. Nc3 Bg4 7. Be2 e6 8. O-O Bd6 9. h3 Bh5 10.
Qb3 Qc7 11. Bg5 Nbd7 12. d5 exd5 13. cxd5 O-O 14. dxc6 bxc6 15. Rac1 Qb6 16. Qxb6 axb6 17. Rfd1 Bc5 18. g4 Bg6 19.
Nd4 Ne4 20. Nxe4 Bxe4 21. Bc4 Ne5 22. Be3 Nxc4 23. Rxc4 Bd5 24. Rcc1 Rxa2 25. b4 Bxb4 26. Nxc6 Ba3 27. Rc3 Bxc6 28.
Rxc6 b5 29. Rc7 h6 30. Rdd7 Rb2 31. Ra7 Rb3 32. Kg2 Rc3 33. h4 Bc1 34. Bb6 Rc4 35. f3 Bf4 36. Rab7 b4 37. Ba5 Rc2+ 38.
Kf1 Rc1+ 39. Kg2 Rfc8 40. Rd8+ Rxd8 41. Bxd8 Rb1 42. Ba5 b3 43. Bc3 Bc1 44. Rb8+ Kh7 45. h5 b2 46. Kh3 f6 47.
Kg3 Bd2 48. Bd4 Bc3 49. Bxc3 Rg1+ 50. Kf4 b1=Q 51. Rxb1 Rxb1 52. Ke4 Kg8 53. Bd2 Rb2 54. Bc3 Rb3 55. Bd2 Kf7 56. Be1 Ke6 57.
Bd2 Rb2 58. Bc3 Rb3 59. Bd2 Ra3 60. Kf4 Ra4+ 61. Kg3 Kd5 62. Bf4 Kd4 63. Bd6 Ke3 64. Bf8 Ke2 65. Bxg7 Ra3 66. Bxh6 Rxf3+ 67. Kg2 Rf2 68. Kg3 Rf3+ 69. Kg2 1/2-1/2

[Event "Swedish Chess Championship 2019: Kadett-SM"]
[Site "Stiga Sports Arena, Arenatorget 1, Eskilstuna, Sweden, Sweden"]
[Date "2019.07.12"]
[Round "7.4"]
[White "Dingertz, Erik"]
[Black "Bensryd, Hampus"]
[Result "1/2-1/2"]
[TimeControl "90 minutes for 40 moves + 30 minutes for the rest of the game + 30 seconds per move from move one"]
[WhiteFideId "1741578"]
[BlackFideId "1738330"]
[WhiteElo "1959"]
[BlackElo "1938"]

1. c4 e5 2. g3 Nc6 3. Bg2 f5 4. Nc3 Nf6 5. d3 g6 6. Rb1 a5 7. a3 Bg7 8. b4 axb4 9. axb4 O-O 10.
Nf3 d6 11. b5 Ne7 12. Qb3 Kh8 13. O-O h6 14. Nd2 f4 15. Ba3 Nd7 16. Nde4 Nf5 17. c5 Nd4 18. Qb2 d5 19. c6 Nb6 20.
Bxf8 Bxf8 21. Nd2 Ba3 22. Qa2 Bf8 23. Qb2 Ba3 24. Qa2 Bf8 25. Qb2 Ba3 1/2-1/2

[Event "Swedish Chess Championship 2019: Kadett-SM"]
[Site "Stiga Sports Arena, Arenatorget 1, Eskilstuna, Sweden, Sweden"]
[Date "2019.07.12"]
[Round "7.5"]
[White "Joensson, Oscar"]
[Black "Hall, Alexander"]
[Result "0-1"]
[TimeControl "90 minutes for 40 moves + 30 minutes for the rest of the game + 30 seconds per move from move one"]
[WhiteFideId "1729977"]
[BlackFideId "1738933"]
[WhiteElo "1752"]
[BlackElo "1805"]

1. d4 Nf6 2. Nf3 g6 3. e3 Bg7 4. b3 c5 5. Bb2 cxd4 6. exd4 O-O 7. Be2 d5 8. O-O Nc6 9. c4 Bf5 10.
Nc3 dxc4 11. Bxc4 Nb4 12. a3 Nbd5 13. Nxd5 Nxd5 14. Re1 e6 15. Ne5 h5 16. Qf3 Rb8 17. b4 Rc8 18. Bxd5 Qxd5 19.
Rac1 Qxf3 20. Nxf3 Bh6 21. Ra1 Rc2 22. Bc1 Bxc1 23. Rexc1 Rfc8 24. Rxc2 Rxc2 25. Ne5 Be4 26. a4 Rd2 27.
f3 Bd5 28. Rc1 Rxd4 29. Rc8+ Kg7 30. Rc7 Kf6 31. Nxf7 Rxb4 32. Nd6 e5 33. a5 Ra4 34. Ne8+ Ke6 35. Rg7 Kf5 36. h3 Rxa5 37. g4+ hxg4 38. fxg4+ Kg5 39.
h4+ Kxg4 40. Nf6+ Kxh4 41. Nxd5 Rxd5 42. Rxb7 a5 43. Kf2 a4 44. Ra7 Rd4 45. Ke3 Kg4 0-1

[Event "Swedish Chess Championship 2019: Kadett-SM"]
[Site "Stiga Sports Arena, Arenatorget 1, Eskilstuna, Sweden, Sweden"]
[Date "2019.07.12"]
[Round "7.6"]
[White "Nord, Gabriel"]
[Black "Alfredsson, Daniel"]
[Result "1/2-1/2"]
[TimeControl "90 minutes for 40 moves + 30 minutes for the rest of the game + 30 seconds per move from move one"]
[WhiteFideId "1740660"]
[BlackFideId "1742205"]
[WhiteElo "1792"]
[BlackElo "1652"]

1. e4 c5 2. Nc3 e6 3. g3 Nc6 4. Bg2 Nf6 5. d3 d5 6.
f4 dxe4 7. Nxe4 Be7 8. Be3 Nxe4 9. Bxe4 Qc7 10. Ne2 b6 11. Nc3 Bb7 12.
Qd2 Bf6 13. Rf1 Nd4 14. Qg2 O-O-O 15. O-O-O Bxe4 16. dxe4 Qc6 17. Qf2 Nb5 18. Nxb5 Qxb5 19. e5 Be7 20. Qf3 Kc7 21. f5 Rxd1+ 22. Rxd1 Qc6 23. Qg4 g6 24. f6 Bf8 25. Qe2 c4 26. Qd2 Bc5 27. Bxc5 bxc5 28. Qa5+ Kb7 29. Kb1 Rc8 30. a3 Qb6 31.
Qd2 h5 32. Qg2+ Qc6 33. Qe2 Qa6 34. Qe4+ Kb8 35. Rd6 Qb5 36. Qe3 Kb7 37. Qd2 Rc7 38. Rd8 Qb6 39. Re8 Qc6 40. Re7 Kc8 41.
Qd1 Rd7 42. Qe2 Rxe7 43. fxe7 Kd7 44. Qxc4 Kxe7 45. b4 Kd7 46. bxc5 Qh1+ 47. Kb2 Qd5 48. Qb5+ Kc7 49. Qa5+ Kc6 50.
Qxa7 Qxe5+ 51. Kb3 Qd5+ 52. c4 Qd3+ 53. Kb4 Qd2+ 54. Kb3 Qd3+ 55. Kb2 Qd2+ 56. Kb3 Qd3+ 57. Kb2 1/2-1/2

[Event "Swedish Chess Championship 2019: Kadett-SM"]
[Site "Stiga Sports Arena, Arenatorget 1, Eskilstuna, Sweden, Sweden"]
[Date "2019.07.13"]
[Round "8.1"]
[White "Nguyen, Gabriel"]
[Black "Mitra, Akash"]
[Result "1-0"]
[TimeControl "90 minutes for 40 moves + 30 minutes for the rest of the game + 30 seconds per move from move one"]
[WhiteFideId "1720791"]
[BlackFideId "1726714"]
[WhiteElo "2035"]
[BlackElo "1957"]

1. d4 Nf6 2. c4 g6 3. Nc3 Bg7 4. e4 d6 5. Nf3 O-O 6. Be2 e5 7. d5 a5 8. Bg5 Na6 9. Nd2 h6 10.
Bh4 Bd7 11. O-O Qe8 12. b3 Nh7 13. f3 h5 14. Bf2 Qe7 15. Rb1 f5 16. a3 f4 17. b4 axb4 18. axb4 g5 19. Kh1 Rf6 20.
Na4 Rg6 21. c5 g4 22. cxd6 cxd6 23. Nb6 Rf8 24. Nxd7 Qxd7 25. Qb3 Qe7 26. Rfc1 g3 27. Bg1 gxh2 28. Bxh2 Bf6 29. Rc2 Bh4 30.
Bxa6 bxa6 31. Nf1 Kh8 32. Qc4 Rfg8 33. Qxa6 Qg7 34. Rbb2 Ng5 35. Qb6 Bg3 36. Bxg3 fxg3 37. Nxg3 h4 38.
Nf5 Qh7 39. Qe3 Ra8 40. b5 h3 41. g3 h2 42. Rxh2 Nh3 43. Qc1 Rag8 44. Rxh3 Qxh3+ 45. Rh2 Qxh2+ 46. Kxh2 Ra8 47. b6 Rgg8 48.
Qh6# 1-0